AoeStats
← SeemsFishy

Nomad

503150921Analyzed
4v4 RM · 1mo ago on Aug 30, 2026· 36m 14s· 8 players
Game mode
Random Map
Map size
231×231
Population
200
Speed
Normal
Resources
Standard
Victory
Conquest
Starting age
Dark Age
Ending age
Imperial Age
RankedLock teamsTeams togetherTeam positionsShared explorationLock speedFull tech treeHidden civsTurbo modeCheats
Victory
Defeat
🇫🇷 Persians · France
1425
+13
🇧🇷 Georgians · Brazil
1407
+14
🇬🇧 Koreans · United Kingdom
1364
+16
🇨🇳 Spanish · China
1339
+17
🇨🇳 Dravidians · China
1384
-16
🇻🇳 Persians · Vietnam
1376
-16
🇹🇼 Koreans · Taiwan
1349
-14
🇹🇼 Persians · Taiwan
1335
-14
13696926265
5:47 Loom
14:32 Feudal Age
19:15 Castle Age
23:36 Double-Bit Axe
28:20 Imperial Age
藥膏
4:46 Loom
13:14 Feudal Age
18:24 Castle Age
16:56 Double-Bit Axe
17:02 Gold Mining
19:53 Wheelbarrow
19:35 Medium Warships
19:06 Fishing Lines
21:00 Bow Saw
21:27 Gold Shaft Mining
22:15 Gillnets
22:56 Fletching
26:41 Bodkin Arrow
31:20 Imperial Age
33:00 Bracer
shogun
3:23 Loom
14:06 Feudal Age
15:05 Double-Bit Axe
16:02 Wheelbarrow
17:38 Fletching
17:49 Padded Archer Armor
20:05 Fishing Lines
22:51 Castle Age
24:18 Bodkin Arrow
24:39 Leather Archer Armor
24:10 Elite Skirmisher
25:51 Gillnets
25:52 Pikeman
27:45 Bow Saw
29:58 Horse Collar
30:42 Forging
30:32 Scale Mail Armor
30:58 Heavy Plow
30:56 Stone Mining
30:57 Gold Mining
31:30 Hand Cart
野豬騎士來囉
4:00 Loom
6:58 Loom
22:59 Feudal Age
26:24 Castle Age
28:11 Horse Collar
29:12 Wheelbarrow
28:27 Double-Bit Axe
29:17 Fletching
29:55 Bow Saw
30:07 Heavy Plow
Cokacolas
5:01 Loom
13:23 Feudal Age
17:33 Castle Age
27:41 Scale Barding Armor
31:40 Double-Bit Axe
32:36 Bow Saw
33:29 Forging
33:55 Horse Collar
35:28 Town Watch
SeemsFishy
4:30 Loom
15:33 Feudal Age
20:26 Castle Age
20:43 Double-Bit Axe
21:39 Bow Saw
22:50 Horse Collar
24:57 Fletching
25:50 Medium Warships
26:23 Bodkin Arrow
28:14 Heavy Plow
28:29 Forging
28:33 Gold Mining
30:28 Wheelbarrow
32:47 Gold Shaft Mining
33:26 Town Watch
34:08 Hand Cart
36:29 Stone Mining
PNLN | maromba_aoe
4:32 Loom
12:23 Feudal Age
13:49 Double-Bit Axe
13:55 Town Watch
16:42 Castle Age
15:37 Horse Collar
17:36 Bow Saw
22:14 Wheelbarrow
24:39 Hand Cart
27:20 Gold Mining
28:00 Fletching
29:47 Scale Barding Armor
30:49 Sanctity
34:28 Forging
35:43 Chain Barding Armor
织田信长
4:07 Loom
14:50 Feudal Age
20:00 Castle Age
21:49 Double-Bit Axe
25:21 Horse Collar
27:10 Bow Saw
28:39 Padded Archer Armor
29:43 Heavy Plow
31:06 Leather Archer Armor
30:49 Town Watch
31:47 Gold Mining
Connection lost

Rejoining the realm…

Still unreachable

The connection could not be restored.

Session expired

The server has moved on; the page needs a fresh start.